 Dungeon Crawl Stone Soup version 0.19.0-22-gd96e5fe (webtiles) character file.

653 Charly the Ruffian (level 7, -6/65 HPs)
             Began as a Troll Warper on Nov 19, 2016.
             Killed from afar by an electric eel (8 damage)
             ... with a bolt of electricity
             ... on level 5 of the Dungeon.
             The game lasted 00:10:49 (3588 turns).

Charly the Ruffian (Troll Warper)                   Turns: 3588, Time: 00:10:49

Health: -6/65      AC: 11    Str: 20    XL:     7   Next: 29%
Magic:  8/8        EV: 10    Int: 10    God:
Gold:   264        SH:  0    Dex: 10    Spells: 0 memorised, 8 levels left

rFire  . . .     SeeInvis .       - Unarmed
rCold  . . .     Gourm    +     a - +0 robe
rNeg   . . .     Faith    .     (no shield)
rPois  .         Spirit   .     (helmet restricted)
rElec  .         Reflect  .     u - +0 cloak
rCorr  .         Harm     .     (gloves unavailable)
MR     .....     Rnd*Tele +     (boots unavailable)
Stlth  +.........               (no amulet)
                                s - +5 ring of protection
                                i - ring of teleportation (curse)

@: no status effects
A: unfitting armour, claws 3, fast metabolism 3, gourmand, regeneration 1,
shaggy fur 1, tough skin 2
a: no special abilities


You were on level 5 of the Dungeon.
You were not hungry.

You visited 1 branch of the dungeon, and saw 5 of its levels.
You also visited: Sewer.

You collected 264 gold pieces.

Inventory:

Missiles
 d - 5 tomahawks of dispersal (quivered)
 r - 5 tomahawks
Armour
 a - a +0 robe (worn)
 u - a +0 cloak (worn)
Magical Staves
 x - an uncursed staff of cold {unknown}
Jewellery
 c - an uncursed ring of protection from cold
 i - a cursed ring of teleportation (left claw)
 s - a +5 ring of protection (right claw)
Wands
 o - a wand of flame (5/48)
Scrolls
 e - 4 scrolls of magic mapping
 h - 2 scrolls of teleportation
 t - a scroll of blinking
Potions
 g - a potion of cure mutation
 k - a potion of flight
 l - a potion of ambrosia
 m - 3 potions of haste
 p - 3 potions of curing
 q - a potion of heal wounds {unknown}
 w - a potion of magic {unknown}
Books
 b - a book of Spatial Translocations

   Spells                             Type                      Level
   a - Blink                          Translocation                2
   b - Shroud of Golubria             Charms/Translocation         2
   c - Lesser Beckoning               Translocation                3
   d - Portal Projectile              Translocation                3
   e - Teleport Other                 Translocation                3
   f - Passage of Golubria            Translocation                4
Comestibles
 f - 9 bread rations
 j - a royal jelly
 n - a meat ration
 v - 6 fruits


   Skills:
 - Level 2.1 Fighting
 - Level 1.0 Throwing
 - Level 3.3 Dodging
 - Level 0.6 Stealth
 + Level 6.9 Unarmed Combat
 - Level 1.4 Spellcasting
   Level 2.1 Translocations
 - Level 0.1 Evocations


You had 8 spell levels left.
You didn't know any spells.

Dungeon Overview and Level Annotations

Branches:
Dungeon (5/15)
 Temple: D:4-7

Altars:
Ashenzari
Kikubaaqudgha
Qazlal
Ru
Sif Muna
The Shining One

Annotations:
D:4 Blork the orc


Innate Abilities, Weirdness & Mutations

You are too large for most types of armour.
You have claws for hands.
Your metabolism is lightning-fast.
You like to eat raw meat.
Your natural rate of healing is unusually fast.
You are covered in fur. (AC +1)
You have very tough skin. (AC +2)


Message History

* * * LOW HITPOINT WARNING * * *
You are suddenly yanked towards some nearby monsters!
Your surroundings seem slightly different.
The electric eel shoots out a bolt of lightning at you!
The bolt of electricity hits the plant.
The bolt of electricity hits you!
* * * LOW HITPOINT WARNING * * *
Unknown command.
You open the door.
The electric eel shoots out a bolt of lightning at you!
The bolt of electricity hits the plant.
The bolt of electricity hits you!
* * * LOW HITPOINT WARNING * * *
Unknown command.
The electric eel shoots out a bolt of lightning at you!
The bolt of electricity hits the plant.
The bolt of electricity hits you!
* * * LOW HITPOINT WARNING * * *
There is an open door here.
A vampire comes into view.
The electric eel shoots out a bolt of lightning at you!
The bolt of electricity hits the plant.
The bolt of electricity hits you!
You die...

#..... #.#.#.
#.#o#. ## ########
#.#... #≈##..≈(;≈##
#.##.(
#≈#....P%≈≈#.#. #..
#.#.....).≈#.#.###.
#.#'..P..;≈#≈#.....
#.@#..P≈.;## #####.
##.######## #. #≈≈
## ##≈# # .# # .#
.. #V


You could see a vampire and 2 electric eels.

Vanquished Creatures
  2 howler monkeys
  A crimson imp (D:5)
  A centaur zombie (D:5)
  A jelly (D:5)
  2 orc wizards
  2 orc priests
  Crazy Yiuf (D:3)
  A hound (D:5)
  Terence (D:3)
  2 worker ants (D:4)
  2 gnolls (D:5)
  2 river rats
  5 adders
  2 oozes (D:1)
  An adder skeleton (D:4)
  3 worms
  2 dart slugs
  6 leopard geckos
  16 orcs
  7 bats
  A giant cockroach (D:2)
  10 goblins
  6 hobgoblins
  7 jackals
  2 quokkas
  4 ball pythons
  15 frilled lizards
  6 kobolds
  14 rats
125 creatures vanquished.

Notes
Turn   | Place    | Note
-------+----------+-------------------------------------------
     0 | D:1      | Charly the Troll Warper began the quest for the Orb.
     0 | D:1      | Reached XP level 1. HP: 19/19 MP: 1/1
    50 | D:1      | Reached XP level 2. HP: 26/28 MP: 3/3
    55 | D:1      | Reached skill level 1 in Throwing
   250 | D:1      | Reached XP level 3. HP: 35/35 MP: 4/4
   435 | D:1      | Reached skill level 3 in Unarmed Combat
   951 | D:2      | Found a stormy altar of Qazlal.
  1151 | D:2      | Reached XP level 4. HP: 42/42 MP: 5/5
  1391 | D:3      | Found a glowing drain.
  1417 | D:3      | Reached XP level 5. HP: 44/49 MP: 6/6
  1439 | D:3      | Reached skill level 4 in Unarmed Combat
  1550 | Sewer    | Entered a sewer
  2109 | D:3      | Found a runed door.
  2240 | D:3      | Found a glowing golden altar of the Shining One.
  2271 | D:3      | Noticed Terence
  2288 | D:3      | Killed Terence
  2288 | D:3      | Reached XP level 6. HP: 50/57 MP: 7/7
  2536 | D:3      | Noticed Crazy Yiuf
  2544 | D:3      | Paralysed by Crazy Yiuf for 5 turns
  2550 | D:3      | Killed Crazy Yiuf
  2550 | D:3      | Reached skill level 5 in Unarmed Combat
  2849 | D:4      | Noticed Blork the orc
  2870 | D:4      | Found a deep blue altar of Sif Muna.
  2999 | D:4      | Found a shattered altar of Ashenzari.
  3093 | D:4      | Found a sacrificial altar of Ru.
  3376 | D:5      | Entered Level 5 of the Dungeon
  3399 | D:5      | Reached skill level 6 in Unarmed Combat
  3407 | D:5      | Found an ancient bone altar of Kikubaaqudgha.
  3432 | D:5      | Reached XP level 7. HP: 64/65 MP: 8/8
  3587 | D:5      | HP: 2/65 [electric eel/bolt of electricity (9)]
  3588 | D:5      | Noticed a vampire
  3588 | D:5      | Killed from afar by an electric eel

Skill      XL: |  1  2  3  4  5  6 |
---------------+-------------------+-----
Dodging        | 2 3 |  3.3
Throwing       | 1 |  1.0
Unarmed Combat | 3 4 6 |  6.9
Fighting       | 2 |  2.1
Stealth        | |  0.6
Spellcasting   | |  1.4
Translocations | |  2.1
Evocations     | |  0.1

Action                   |  1- 3 |  4- 6 |  7- 9 || total
-------------------------+-------+-------+-------++-------
Melee: Unarmed           |   103 |   246 |    26 ||   375
       Punch             |       |     3 |     2 ||     5
Evoke: Wand              |       |     3 |       ||     3
  Use: Scroll            |       |     8 |       ||     8
 Stab: Sleeping          |     1 |     2 |       ||     3
  Eat: Chunk             |    13 |    17 |     3 ||    33
Armor: Robe              |    41 |    79 |    11 ||   131
Dodge: Dodged            |    36 |   101 |     9 ||   146
